[Event "Fagernes Chess Open 2024"]
[Site "Fagernes"]
[Date "2024.03.28"]
[Round "6.8"]
[White "Vollheim, Daniel O"]
[Black "Johansson, Henrik"]
[Result "0-1"]
[ECO "A10"]
[WhiteElo "1713"]
[BlackElo "1736"]
[Annotator "NA RC"]
[PlyCount "40"]
[EventDate "2024.03.25"]
[EventType "swiss"]
[EventCountry "NOR"]
[SourceTitle "playchess.com"]
[Source "ChessBase"]
[SourceQuality "1"]
[TimeControl "40/6000+30:2400+30"]

1. c4 b6 2. Nc3 Bb7 3. Nf3 d6 4. d4 Nd7 5. e4 e5 6. d5 Ngf6 7. Bd3 Be7 8. O-O O-O 9. Bg5 Nxd5 10. Nxd5 Bxg5 11. Nxg5 c6 12. Nxh7 Kxh7 13. Nc3 Qg5 14. Ne2 Rh8 15. f4 exf4 16. Nxf4 Kg8 17. Be2 Nf6 18. Qxd6 Nxe4 19. Qc7 Qc5+ 20. Kh1 Ng3# 0-1

[Event "Fagernes Chess Open 2024"]
[Site "Fagernes"]
[Date "2024.03.29"]
[Round "7.1"]
[White "Hausken, Andreas Skrede"]
[Black "Strand, Amund Pihl"]
[Result "1/2-1/2"]
[ECO "E17"]
[WhiteElo "1963"]
[BlackElo "1860"]
[Annotator "RC"]
[PlyCount "27"]
[EventDate "2024.03.25"]
[EventType "swiss"]
[EventCountry "NOR"]
[SourceTitle "playchess.com"]
[Source "ChessBase"]
[SourceQuality "1"]
[TimeControl "40/6000+30:2400+30"]

1. d4 d5 2. c4 e6 3. Nf3 Nf6 4. g3 Be7 5. Bg2 O-O 6. O-O b6 7. Qc2 Bb7 8. Bg5 Nbd7 9. Rd1 Rc8 10. Nc3 c5 11. cxd5 Nxd5 12. Nxd5 Bxd5 13. Bxe7 Qxe7 14. dxc5 1/2-1/2

[Event "Fagernes Chess Open 2024"]
[Site "Fagernes"]
[Date "2024.03.29"]
[Round "7.2"]
[White "Sushrutha, Reddy"]
[Black "Brattgjerd, August Minh"]
[Result "1/2-1/2"]
[ECO "C02"]
[WhiteElo "1707"]
[BlackElo "1689"]
[Annotator "NA RC"]
[PlyCount "125"]
[EventDate "2024.03.25"]
[EventType "swiss"]
[EventCountry "NOR"]
[SourceTitle "playchess.com"]
[Source "ChessBase"]
[SourceQuality "1"]
[TimeControl "40/6000+30:2400+30"]

1. e4 e6 2. d4 d5 3. e5 c5 4. c3 Bd7 5. Nf3 Qb6 6. Bd3 Bb5 7. O-O Bxd3 8. Qxd3 Nc6 9. a3 Nge7 10. b4 c4 11. Qc2 a5 12. Bb2 Nf5 13. g4 Nfe7 14. Ng5 h5 15. h3 hxg4 16. hxg4 Rh4 17. Qe2 Ng6 18. Qf3 Qc7 19. Qg3 Be7 20. Nf3 Rh7 21. b5 Na7 22. a4 O-O-O 23. Bc1 Rdh8 24. Be3 Nh4 25. Nbd2 Qd8 26. Nxh4 Bxh4 27. Qf4 Be7 28. Kg2 Qg8 29. Rh1 Rxh1 30. Rxh1 Rxh1 31. Kxh1 Qh7+ 32. Kg2 g6 33. Nf3 Kd7 34. Bc1 Nc8 35. Qd2 Nb6 36. Qa2 Qh8 37. Ba3 Qf8 38. Bc1 Ke8 39. Nh2 Qh8 40. Qc2 Qh4 41. Bf4 Bg5 42. Bg3 Qh6 43. Qa2 Bf4 44. Bxf4 Qxf4 45. Qa3 Qg5 46. Kg3 Qe7 47. Qa2 Nd7 48. f4 f6 49. Nf3 Kf7 50. Qh2 Kg8 51. exf6 Nxf6 52. Ng5 Nh7 53. Qh6 Nf8 54. Qh1 Qa3 55. Qe1 Qd6 56. Qb1 Kg7 57. Qh1 Qe7 58. Nf3 Nd7 59. g5 Qf7 60. Qe1 Qf5 61. Ne5 Nxe5 62. Qxe5+ Qxe5 63. fxe5 1/2-1/2

[Event "Fagernes Chess Open 2024"]
[Site "Fagernes"]
[Date "2024.03.29"]
[Round "7.3"]
[White "Halvorsen, Benjamin"]
[Black "Rolstad, Morten"]
[Result "1/2-1/2"]
[ECO "B38"]
[WhiteElo "1848"]
[BlackElo "1879"]
[Annotator "NA RC"]
[PlyCount "81"]
[EventDate "2024.03.25"]
[EventType "swiss"]
[EventCountry "NOR"]
[SourceTitle "playchess.com"]
[Source "ChessBase"]
[SourceQuality "1"]
[TimeControl "40/6000+30:2400+30"]

1. e4 c5 2. Nf3 g6 3. d4 cxd4 4. Nxd4 Bg7 5. c4 Nc6 6. Be3 Nf6 7. Nc3 d6 8. Be2 O-O 9. O-O a6 10. Rb1 Nxd4 11. Bxd4 Be6 12. f4 Rc8 13. b3 Ne8 14. f5 Bd7 15. Nd5 Bc6 16. Bxg7 $14 Kxg7 17. Qd4+ Kg8 18. Bg4 Rb8 19. Rf3 Bxd5 20. exd5 Nf6 21. fxg6 hxg6 22. Rh3 b5 23. Be2 Qb6 24. Qxb6 Rxb6 25. Re3 bxc4 26. Bxc4 Re8 27. a4 Ng4 28. Re4 Ne5 29. a5 Rb4 30. Rbe1 Reb8 31. Bxa6 Rxb3 32. Ra4 Ra8 33. Bf1 f5 34. a6 Kf7 35. Rc1 Ra7 36. Ra5 Nd7 37. Rc6 Ne5 38. Rc8 Nd7 39. Bb5 Nc5 40. Rb8 Kg7 41. Rb6 1/2-1/2

[Event "Fagernes Chess Open 2024"]
[Site "Fagernes"]
[Date "2024.03.29"]
[Round "7.4"]
[White "Johansson, Henrik"]
[Black "Kittilsen, Sigurd"]
[Result "0-1"]
[ECO "D04"]
[WhiteElo "1736"]
[BlackElo "1910"]
[Annotator "NA RC"]
[PlyCount "66"]
[EventDate "2024.03.25"]
[EventType "swiss"]
[EventCountry "NOR"]
[SourceTitle "playchess.com"]
[Source "ChessBase"]
[SourceQuality "1"]
[TimeControl "40/6000+30:2400+30"]

1. d4 d5 2. Nf3 Nf6 3. e3 c5 4. b3 cxd4 5. exd4 Nc6 6. Bd3 Bg4 7. Bb2 Qa5+ 8. Bc3 Qb6 9. Nbd2 e6 10. a3 Bd6 11. Bb2 O-O 12. O-O Bf4 13. Qe1 $15 Rfe8 14. Ne5 Nxd4 15. Nxg4 Nxg4 16. Nc4 dxc4 17. Qd1 cxd3 18. Qxg4 dxc2 19. g3 f5 20. Bxd4 fxg4 21. Bxb6 c1=Q 22. Rfxc1 Bxc1 23. Rxc1 axb6 24. a4 Rac8 25. Rd1 Red8 26. Re1 Kf7 27. Re4 Rd1+ 28. Kg2 h5 29. h3 gxh3+ 30. Kxh3 g5 31. f4 g4+ 32. Kh4 Rg8 33. Kxh5 Rh1# 0-1

[Event "Fagernes Chess Open 2024"]
[Site "Fagernes"]
[Date "2024.03.29"]
[Round "7.5"]
[White "Ali, Karim"]
[Black "Nordahl, Frederik"]
[Result "0-1"]
[ECO "B10"]
[WhiteElo "1855"]
[BlackElo "1675"]
[Annotator "NA RC"]
[PlyCount "54"]
[EventDate "2024.03.25"]
[EventType "swiss"]
[EventCountry "NOR"]
[SourceTitle "playchess.com"]
[Source "ChessBase"]
[SourceQuality "1"]
[TimeControl "40/6000+30:2400+30"]

1. e4 c6 2. d3 d5 3. Nd2 e5 4. Ngf3 Bd6 5. d4 exd4 6. Bd3 {[%emt 0:02:32] B10: Caro-Kann: 2 d3 and 2 c4.} Ne7 7. O-O O-O 8. e5 Bc7 9. Nb3 Nd7 10. Bxh7+ Kxh7 11. Ng5+ Kg6 12. f4 Nxe5 13. fxe5 Bxe5 14. h4 Rh8 15. Nxf7 Bh2+ 16. Kh1 Rxh4 17. Nxd8 Nf5 18. Qd3 Bd7 19. Nf7 Bg3+ 20. Kg1 Bh2+ 21. Kf2 Bg3+ 22. Ke2 Re4+ 23. Kd1 Ne3+ 24. Bxe3 dxe3 25. Ke2 a6 26. Nc5 Bf2 27. Nxe4 Bg4# 0-1

[Event "Fagernes Chess Open 2024"]
[Site "Fagernes"]
[Date "2024.03.29"]
[Round "7.6"]
[White "Nordahl, Christine"]
[Black "Yilmaz, Kazim"]
[Result "1/2-1/2"]
[ECO "D38"]
[WhiteElo "1673"]
[BlackElo "1805"]
[Annotator "NA RC"]
[PlyCount "119"]
[EventDate "2024.03.25"]
[EventType "swiss"]
[EventCountry "NOR"]
[SourceTitle "playchess.com"]
[Source "ChessBase"]
[SourceQuality "1"]
[TimeControl "40/6000+30:2400+30"]

1. d4 Nf6 2. c4 e6 3. Nc3 Bb4 4. Qc2 d5 5. cxd5 exd5 6. Bg5 c6 7. Nf3 Bg4 {[%emt 0:01:15] D38: Queen's Gambit Declined: Ragozin Defence (4 Nf3 Bb4).} 8. Ne5 Bc8 9. e3 O-O 10. Bd3 h6 11. Bh4 Nbd7 12. f4 Qa5 13. O-O Bxc3 14. bxc3 Nxe5 15. fxe5 Ne4 16. Be7 Re8 17. Bb4 Qd8 18. Bxe4 dxe4 19. Qxe4 Qd5 20. Qxd5 cxd5 21. e4 Be6 22. exd5 Bxd5 23. a4 Rac8 24. a5 $14 Re6 25. Bc5 b6 26. axb6 axb6 27. Bb4 Rec6 28. Ra3 Rc4 29. Rb1 R8c6 30. Ra8+ Rc8 31. Rxc8+ Rxc8 32. g3 b5 33. Kf2 Ra8 34. Rb2 Ra2 35. Rxa2 Bxa2 36. Ke3 Bd5 37. h4 Kh7 38. h5 Kg8 39. Kf4 Kh7 40. g4 Kg8 41. g5 Kh7 42. Kf5 hxg5 43. Kxg5 Kg8 44. Bc5 Be6 45. Ba3 Bd5 46. h6 Be4 47. hxg7 Kxg7 48. Kf4 Bd5 49. Kf5 Be6+ 50. Ke4 f5+ 51. exf6+ Kxf6 52. d5 Bh3 53. Kd4 Bg2 54. Kc5 Kf7 55. d6 Ke6 56. Kxb5 Kd7 57. c4 Bh1 58. c5 Bg2 59. Kb6 Bh1 60. Kb5 1/2-1/2

[Event "Fagernes Chess Open 2024"]
[Site "Fagernes"]
[Date "2024.03.29"]
[Round "7.7"]
[White "Agustsson, Hafsteinn"]
[Black "Sending, Stale Andre"]
[Result "1/2-1/2"]
[ECO "B07"]
[WhiteElo "1825"]
[BlackElo "1959"]
[Annotator "NA RC"]
[PlyCount "82"]
[EventDate "2024.03.25"]
[EventType "swiss"]
[EventCountry "NOR"]
[SourceTitle "playchess.com"]
[Source "ChessBase"]
[SourceQuality "1"]
[TimeControl "40/6000+30:2400+30"]

1. e4 d6 2. d4 Nf6 3. Nc3 Nbd7 4. f4 e5 5. Nf3 exd4 6. Nxd4 Nc5 {[%emt 0:02:22] B07: Pirc Defence: Miscellaneous Systems.} 7. Bd3 Bg4 8. Nf3 d5 9. exd5 Qe7+ 10. Kf2 $1 O-O-O 11. h3 Bxf3 12. Qxf3 Nxd3+ 13. Qxd3 Nxd5 14. Nxd5 Qc5+ 15. Be3 Qxd5 16. Qxd5 Rxd5 17. Rad1 Rxd1 18. Rxd1 Be7 19. Bd4 $11 (19. Bxa7 $2 {verliert.} b6 20. Kf3 Kb7 $19) 19... Rd8 20. Ke2 f5 21. Be5 Rxd1 22. Kxd1 g6 23. Ke2 h5 24. Kd3 Kd7 25. a4 a6 26. c4 Bc5 27. Bd4 Bd6 28. Be3 Kc6 29. b3 Bb4 30. Bd2 Kc5 31. Be3+ Kc6 32. Bd2 Bxd2 33. Kxd2 Kc5 34. Kc3 a5 35. h4 c6 36. Kd3 Kb4 37. Kc2 b6 38. Kb2 Kc5 39. Kc3 b5 40. g3 b4+ 41. Kd3 Kd6 1/2-1/2

[Event "Fagernes Chess Open 2024"]
[Site "Fagernes"]
[Date "2024.03.29"]
[Round "7.8"]
[White "Andersen, Dag"]
[Black "Shehzad, Alina"]
[Result "1-0"]
[ECO "D35"]
[WhiteElo "1899"]
[BlackElo "1670"]
[Annotator "NA RC"]
[PlyCount "51"]
[EventDate "2024.03.25"]
[EventType "swiss"]
[EventCountry "NOR"]
[SourceTitle "playchess.com"]
[Source "ChessBase"]
[SourceQuality "1"]
[TimeControl "40/6000+30:2400+30"]

1. d4 d5 2. c4 e6 3. Nc3 Be7 4. cxd5 exd5 5. Bf4 Nf6 6. e3 O-O 7. Bd3 Nbd7 {[%emt 0:03:13] D35: Queen's Gambit Declined: Exchange Variation.} 8. Rc1 c5 9. Nge2 a6 10. O-O b5 11. dxc5 Nxc5 12. Bb1 Bb7 13. Nd4 Bd6 14. Nce2 Rc8 15. Bxd6 Qxd6 16. Nf5 Qd7 17. Ned4 Ne6 18. Rxc8 Rxc8 19. h4 $11 g6 20. Ng3 Kg7 21. h5 Nxd4 22. Qxd4 Rc4 23. h6+ Kxh6 24. Qxf6 d4 25. Nf5+ Kh5 26. Qh4# 1-0

[Event "Fagernes Chess Open 2024"]
[Site "Fagernes"]
[Date "2024.03.29"]
[Round "7.9"]
[White "Spanton, Tim R"]
[Black "Skogholt, Steinar Dieseth"]
[Result "1/2-1/2"]
[ECO "D00"]
[WhiteElo "1876"]
[BlackElo "1611"]
[Annotator "NA RC"]
[PlyCount "137"]
[EventDate "2024.03.25"]
[EventType "swiss"]
[EventCountry "NOR"]
[SourceTitle "playchess.com"]
[Source "ChessBase"]
[SourceQuality "1"]
[TimeControl "40/6000+30:2400+30"]

1. Nc3 d5 2. d4 h6 3. e4 dxe4 4. Nxe4 Nf6 5. Nxf6+ exf6 6. Nf3 {[%emt 0:01:43] D00: 1 d4 d5: Unusual lines.} Bd6 7. Bd3 O-O 8. O-O Bg4 9. h3 Bh5 10. c3 c6 11. g4 Bg6 12. Bxg6 fxg6 13. Qb3+ Rf7 14. Nh4 f5 15. gxf5 gxf5 16. Nxf5 Qf6 17. Nxd6 Qxd6 18. Re1 Qg6+ 19. Kh2 Kh7 20. Be3 Qd6+ 21. Kg2 ({Better is} 21. f4 $14 Qg6 22. Re2) 21... Qg6+ 22. Kf1 Na6 23. Qd1 Re8 $11 24. Ke2 Qg2 25. Qd3+ Kh8 26. Kd2 Nc7 27. Qf1 Qf3 28. Qh1 Qf5 29. Re2 Nd5 30. Rae1 Rfe7 31. Qg2 Nf4 32. Bxf4 Qxf4+ 33. Re3 Rf8 34. R1e2 Ref7 35. Qg3 Qf5 36. Kc1 Qd5 37. b3 Rf3 38. Rxf3 Rxf3 39. Qb8+ Kh7 40. Kb2 Qb5 41. Qe5 Qd3 42. Qe4+ Qxe4 43. Rxe4 Rxf2+ 44. Ka3 Rf7 45. Kb4 Kg6 46. c4 Rd7 47. Kc5 Kf5 48. Rg4 g5 49. Rg1 b6+ 50. Kxc6 Rxd4 51. Kb7 Rd7+ 52. Kc6 Rd2 53. b4 Rxa2 54. c5 bxc5 55. bxc5 Rc2 56. Kd6 Rd2+ 57. Kc7 h5 58. c6 Rc2 59. Kb7 Rb2+ 60. Kxa7 Rc2 61. Kb7 Rb2+ 62. Kc8 Rc2 63. c7 g4 64. h4 Kf4 65. Kd7 Rd2+ 66. Ke6 Rc2 67. Kd7 Rd2+ 68. Kc8 Rc2 69. Kd7 1/2-1/2

[Event "Fagernes Chess Open 2024"]
[Site "Fagernes"]
[Date "2024.03.30"]
[Round "8.1"]
[White "Strand, Amund Pihl"]
[Black "Rolstad, Morten"]
[Result "1-0"]
[ECO "A28"]
[WhiteElo "1860"]
[BlackElo "1879"]
[Annotator "NA RC COMBH"]
[PlyCount "67"]
[EventDate "2024.03.25"]
[EventType "swiss"]
[EventCountry "NOR"]
[SourceTitle "playchess.com"]
[Source "ChessBase"]
[SourceQuality "1"]
[TimeControl "40/6000+30:2400+30"]

1. c4 e5 2. Nc3 Nc6 3. Nf3 Nf6 4. e3 Bb4 5. Qc2 d6 6. Nd5 Bc5 7. a3 a5 8. Rb1 O-O 9. Bd3 h6 10. h3 Be6 11. b4 axb4 12. axb4 $19 (12. Nxb4 $17 {was called for.} Qd7 13. Nh4) 12... Ba7 13. Nxf6+ Qxf6 14. Be4 Rfb8 15. O-O Ne7 16. Bb2 c6 17. d4 exd4 18. Nxd4 Bxd4 19. Bxd4 Qh4 20. f4 d5 21. Bh7+ Kf8 22. f5 Bd7 23. f6 gxf6 24. Rxf6 Ke8 25. Rbf1 Be6 26. Bf5 Bxf5 27. R1xf5 Nxf5 28. Qxf5 Qe4 29. Qh5 Qb1+ 30. Kh2 Qh7 31. Rxh6 Qe4 32. Rh8+ Kd7 33. Qxf7+ Qe7 34. Qf5+ 1-0

[Event "Fagernes Chess Open 2024"]
[Site "Fagernes"]
[Date "2024.03.30"]
[Round "8.2"]
[White "Brattgjerd, August Minh"]
[Black "Hausken, Andreas Skrede"]
[Result "0-1"]
[ECO "D00"]
[WhiteElo "1689"]
[BlackElo "1963"]
[Annotator "RC"]
[PlyCount "54"]
[EventDate "2024.03.25"]
[EventType "swiss"]
[EventCountry "NOR"]
[SourceTitle "playchess.com"]
[Source "ChessBase"]
[SourceQuality "1"]
[TimeControl "40/6000+30:2400+30"]

1. d4 Nf6 2. Bf4 d5 3. e3 c5 4. c3 Nc6 5. Bd3 Qb6 6. Qb3 c4 7. Qxb6 axb6 8. Bc2 b5 9. e4 Nxe4 10. Bxe4 dxe4 11. Nd2 f6 12. Ne2 e5 13. dxe5 e3 14. Bxe3 Nxe5 15. Nc1 Bf5 16. O-O Be7 17. Re1 O-O 18. Bd4 Nc6 19. Nf3 Bd6 20. Ne2 Bg4 21. Ng3 Bxf3 22. gxf3 Nxd4 23. cxd4 Rfe8 24. Rxe8+ Rxe8 25. Ne4 Bf4 26. Re1 Kf7 27. a3 f5 0-1

[Event "Fagernes Chess Open 2024"]
[Site "Fagernes"]
[Date "2024.03.30"]
[Round "8.3"]
[White "Kittilsen, Sigurd"]
[Black "Sushrutha, Reddy"]
[Result "1-0"]
[ECO "B78"]
[WhiteElo "1910"]
[BlackElo "1707"]
[Annotator "NA RC"]
[PlyCount "123"]
[EventDate "2024.03.25"]
[EventType "swiss"]
[EventCountry "NOR"]
[SourceTitle "playchess.com"]
[Source "ChessBase"]
[SourceQuality "1"]
[TimeControl "40/6000+30:2400+30"]

1. e4 c5 2. Nf3 d6 3. d4 cxd4 4. Nxd4 Nf6 5. Nc3 g6 6. Be3 Bg7 7. f3 O-O 8. Qd2 Nc6 9. Bc4 Bd7 10. O-O-O Rc8 11. Bb3 Ne5 12. Kb1 Nc4 13. Bxc4 Rxc4 14. g4 b5 15. g5 {[%emt 0:01:44] B78: Sizilianisch (Moderne Drachen-Variante).} Nh5 16. b3 Rc8 17. Ndxb5 Qa5 18. Nd5 Qxb5 19. Nxe7+ Kh8 20. Nxc8 Rxc8 21. c4 Rxc4 22. Qxd6 Rc3 23. Bd4 (23. Qxd7 {leads to mate.} Rxb3+ 24. Kc1 Rb1+ (24... Rc3+ {is a self mate.} 25. Kd2 Qb2+ 26. Ke1 Rxe3+ 27. Kf1 Rxf3+ 28. Kg1 Qf2#) 25. Kc2 Rb2+ 26. Kc1 Qc4#) 23... Rxb3+ 24. Ka1 Kg8 25. Bxg7 Kxg7 26. axb3 Be6 $18 27. Qd4+ Kg8 28. Qc3 Qxg5 29. Rhg1 Qe7 30. Qa5 Qf6+ 31. Ka2 Qxf3 32. Rd8+ Kg7 33. Qe5+ Nf6 34. Rb1 Qe2+ 35. Qb2 Qxe4 36. Rbd1 Qa4+ 37. Kb1 Bf5+ 38. Kc1 Qc6+ 39. Kd2 Kh6 40. Qc1 Qf3 41. Qc4 Ne4+ 42. Kc1 Qe3+ 43. Kb2 Be6 44. Qc1 Qg5 45. Qxg5+ Kxg5 46. Ra8 f5 47. Rxa7 f4 48. b4 h5 49. b5 f3 50. Rc7 f2 51. b6 Nd6 52. Rf1 Nc4+ 53. Rxc4 Bxc4 54. Rxf2 Bd5 55. Rd2 Ba8 56. Rd8 Bh1 57. Kc3 Kh4 58. Kc4 g5 59. Rd5 g4 60. b7 g3 61. hxg3+ Kxg3 62. b8=Q+ 1-0

[Event "Fagernes Chess Open 2024"]
[Site "Fagernes"]
[Date "2024.03.30"]
[Round "8.4"]
[White "Nordahl, Frederik"]
[Black "Nordahl, Christine"]
[Result "0-1"]
[ECO "B30"]
[WhiteElo "1675"]
[BlackElo "1673"]
[Annotator "NA COMBH"]
[PlyCount "106"]
[EventDate "2024.03.25"]
[EventType "swiss"]
[EventCountry "NOR"]
[SourceTitle "playchess.com"]
[Source "ChessBase"]
[SourceQuality "1"]
[TimeControl "40/6000+30:2400+30"]

1. e4 c5 2. Nf3 Nc6 3. b4 Nxb4 4. c3 Nc6 5. d4 d5 6. exd5 Qxd5 7. c4 Qe4+ 8. Be2 Nxd4 9. Nc3 Nxf3+ 10. gxf3 Qd4 11. Qb3 e6 12. Be3 Qd8 13. Rd1 Qb6 14. Qa4+ Qc6 15. Nb5 Bd7 16. Bf4 Nf6 17. Qc2 Nh5 18. Be5 f6 19. Nc7+ Kf7 20. Nxa8 fxe5 21. Qd2 Nf6 22. Qa5 Qa4 23. Qxa4 Bxa4 24. Rb1 Bc6 25. Nc7 a6 26. Na8 e4 27. f4 e3 28. f3 Bd6 29. Nb6 Bxf4 30. Bd1 Ng4 31. Na4 Nxh2 32. Nxc5 Nxf3+ 33. Bxf3 Bxf3 34. Rxb7+ Bxb7 35. Nxb7 Rb8 36. Rf1 g5 37. Nc5 Rb1+ 38. Ke2 Rb2+ 39. Kf3 Rxa2 40. Nd3 Rd2 41. Ke4 Ke7 42. Rh1 Rh2 43. Ra1 Rd2 44. Rh1 Rh2 45. Ra1 Rh3 46. Rxa6 e2 47. Ra7+ Kf6 48. Ne1 Rh1 49. Nd3 Rd1 50. Kf3 Rxd3+ 51. Kxe2 Rd2+ 52. Kf3 h5 53. c5 Rc2 0-1

[Event "Fagernes Chess Open 2024"]
[Site "Fagernes"]
[Date "2024.03.30"]
[Round "8.5"]
[White "Yilmaz, Kazim"]
[Black "Andersen, Dag"]
[Result "1/2-1/2"]
[ECO "B15"]
[WhiteElo "1805"]
[BlackElo "1899"]
[Annotator "NA RC COMBH"]
[PlyCount "36"]
[EventDate "2024.03.25"]
[EventType "swiss"]
[EventCountry "NOR"]
[SourceTitle "playchess.com"]
[Source "ChessBase"]
[SourceQuality "1"]
[TimeControl "40/6000+30:2400+30"]

1. Nf3 d5 2. Nc3 c6 3. e4 dxe4 4. Nxe4 Nf6 5. Nxf6+ exf6 6. Bc4 Qe7+ 7. Qe2 Qxe2+ 8. Bxe2 Bd6 9. O-O O-O 10. d4 Bf5 11. c3 Nd7 12. Be3 Rfe8 13. Rfe1 Nf8 14. Nh4 Be4 15. Bf3 Bxf3 16. Nxf3 Ng6 17. g3 a6 18. Bd2 Kf8 1/2-1/2

[Event "Fagernes Chess Open 2024"]
[Site "Fagernes"]
[Date "2024.03.30"]
[Round "8.6"]
[White "Halvorsen, Benjamin"]
[Black "Damiano, Sophie"]
[Result "1-0"]
[ECO "B10"]
[WhiteElo "1848"]
[BlackElo "1691"]
[Annotator "NA RC COMBH"]
[PlyCount "95"]
[EventDate "2024.03.25"]
[EventType "swiss"]
[EventCountry "NOR"]
[SourceTitle "playchess.com"]
[Source "ChessBase"]
[SourceQuality "1"]
[TimeControl "40/6000+30:2400+30"]

1. e4 c6 2. Nf3 d5 3. exd5 cxd5 4. Ne5 Nf6 5. d4 Bf5 6. Bb5+ {[%emt 0:00:07] B10: Caro-Kann: 2 d3 and 2 c4.} Nbd7 7. Nc3 Qa5 8. Bd2 Rc8 9. g4 Be6 10. g5 Ne4 11. Bxd7+ Bxd7 12. Nxe4 Qa4 13. Nxd7 Kxd7 14. Nc3 Qxd4 15. Be3 Qxd1+ 16. Rxd1 e6 17. Bxa7 Bb4 18. Bd4 Rhg8 19. f4 g6 20. Be5 Rc6 21. a3 Ba5 22. O-O Rgc8 23. Nxd5 Ke8 24. Nf6+ $18 Kf8 25. Nxh7+ Ke7 26. c3 Bb6+ 27. Kg2 Bc7 28. Bxc7 R6xc7 29. Nf6 b6 30. Rd4 Rb8 31. Rfd1 Rcb7 32. Rd7+ Rxd7 33. Rxd7+ Kf8 34. Ng4 Re8 35. Ne5 Re7 36. Rxe7 Kxe7 37. a4 Ke8 38. Nc4 b5 39. Nd6+ Ke7 40. Nxb5 Ke8 41. a5 Kd8 42. a6 Kc8 43. Nd6+ Kb8 44. b4 Ka7 45. b5 e5 46. fxe5 f5 47. gxf6 g5 48. f7 1-0

[Event "Fagernes Chess Open 2024"]
[Site "Fagernes"]
[Date "2024.03.30"]
[Round "8.7"]
[White "Sending, Stale Andre"]
[Black "Johansson, Henrik"]
[Result "1-0"]
[ECO "A40"]
[WhiteElo "1959"]
[BlackElo "1736"]
[Annotator "NA RC"]
[PlyCount "111"]
[EventDate "2024.03.25"]
[EventType "swiss"]
[EventCountry "NOR"]
[SourceTitle "playchess.com"]
[Source "ChessBase"]
[SourceQuality "1"]
[TimeControl "40/6000+30:2400+30"]

1. d4 g6 2. h4 Bg7 3. h5 c5 4. c3 cxd4 5. cxd4 Nc6 6. Nf3 Qb6 7. e3 d6 8. Nc3 Bg4 9. Bc4 Nh6 10. Nd5 Qd8 11. Nf4 $15 (11. Qb3 $14) 11... e5 12. dxe5 dxe5 13. Qxd8+ Rxd8 14. Nd5 Bxh5 15. Ng5 Bg4 16. e4 Nb4 17. f3 Nc2+ 18. Ke2 Nxa1 19. fxg4 Nc2 20. Nf3 Nxg4 21. Bd2 O-O 22. Bg5 Rd7 23. Nh4 Nd4+ 24. Ke1 Ne6 25. Ne7+ Kh8 26. Bxe6 Rd1+ 27. Kxd1 Nf2+ 28. Ke2 Nxh1 29. Bd5 Ng3+ 30. Kf3 Nh5 31. Bxb7 f6 32. Be3 f5 33. Nexg6+ hxg6 34. Nxg6+ Kg8 35. Nxf8 fxe4+ 36. Kxe4 Kxf8 37. Bc5+ Kf7 38. Bxa7 Ng3+ 39. Kf3 Nf5 40. Bc5 Ke6 41. g4 Nd4+ 42. Bxd4 exd4 43. b4 Kd6 44. Ke4 Kc7 45. Bd5 Kb6 46. Bc4 Kc6 47. g5 Bf8 48. g6 Bg7 49. a4 Kb6 50. a5+ Ka7 51. b5 Kb7 52. Bd5+ Ka7 53. b6+ Ka6 54. Bc4+ Kb7 55. Bb5 Bf6 56. Kd5 1-0

[Event "Fagernes Chess Open 2024"]
[Site "Fagernes"]
[Date "2024.03.30"]
[Round "8.8"]
[White "Dybvik, Bjorn Noralf"]
[Black "Spanton, Tim R"]
[Result "0-1"]
[ECO "C50"]
[WhiteElo "1656"]
[BlackElo "1876"]
[Annotator "NA RC COMBH"]
[PlyCount "138"]
[EventDate "2024.03.25"]
[EventType "swiss"]
[EventCountry "NOR"]
[SourceTitle "playchess.com"]
[Source "ChessBase"]
[SourceQuality "1"]
[TimeControl "40/6000+30:2400+30"]

1. e4 e5 2. Nf3 Nc6 3. Bc4 Bc5 4. O-O Nf6 5. d3 d6 6. h3 Na5 7. Bb3 {[%emt 0:01:41] C50: Hungarian Defence and Giuoco Pianissimo.} Nxb3 8. axb3 a6 9. Bg5 h6 10. Bh4 Be6 11. d4 exd4 12. Nxd4 g5 13. Nxe6 fxe6 14. Bg3 Nxe4 15. Qh5+ Kf8 16. Qf3+ Nf6 17. Qxb7 Kg7 18. Rxa6 Rxa6 19. Qxa6 Rf8 20. Qe2 e5 21. Nc3 Bd4 22. Nd1 Qe8 23. c3 Bb6 24. Ne3 Qf7 25. c4 Ne4 26. Bh2 h5 27. Nd1 Nc5 28. b4 Ne6 {[%emt 0:00:33] [#]} 29. c5 $16 Ba7 30. Qa6 Bb8 31. Nc3 Nd4 32. Ne4 Qf5 33. Ng3 Qg6 34. Ne2 Nf5 35. Qd3 Qf6 36. Ng3 Nxg3 37. fxg3 Qxf1+ 38. Qxf1 Rxf1+ 39. Kxf1 c6 40. g4 hxg4 41. hxg4 Kf6 42. Ke2 Ke6 43. Kd3 Kd5 44. cxd6 Bxd6 45. Bg1 Bxb4 46. Be3 Be7 47. b3 e4+ 48. Kd2 Bf6 49. Kc2 Ke5 50. Kd2 Bd8 51. Kc2 Kf6 52. Kc3 Ke5 53. Kc4 Be7 54. Kc3 Kd5 55. Kd2 c5 56. Kc3 Bf6+ 57. Kd2 Kc6 58. Kc2 Kb5 59. Bd2 Be7 60. Kb2 c4 61. b4 Bf6+ 62. Kc2 Ka4 63. Be1 e3 64. Kd1 c3 65. Kc2 Kxb4 66. Bg3 Kc4 67. Be1 Be5 68. Kd1 Kd3 69. Kc1 Ke2 0-1

[Event "Fagernes Chess Open 2024"]
[Site "Fagernes"]
[Date "2024.03.30"]
[Round "8.9"]
[White "Sathish, Githiha"]
[Black "Ali, Karim"]
[Result "0-1"]
[ECO "A45"]
[WhiteElo "1656"]
[BlackElo "1855"]
[Annotator "NA RC COMBH"]
[PlyCount "126"]
[EventDate "2024.03.25"]
[EventType "swiss"]
[EventCountry "NOR"]
[SourceTitle "playchess.com"]
[Source "ChessBase"]
[SourceQuality "1"]
[TimeControl "40/6000+30:2400+30"]

1. d4 Nf6 2. Bg5 Ne4 3. Bf4 d5 4. e3 c5 5. c3 Qb6 6. Qc2 c4 7. Nd2 Bf5 8. f3 Ng3 9. e4 Nxf1 10. Nxf1 Bg6 11. Ne2 Nd7 12. Nd2 e6 13. O-O Be7 14. Rae1 O-O $11 15. Qc1 Qc6 16. Ng3 Bh4 17. Rf2 Nf6 18. Rfe2 h6 19. Kh1 Nh5 20. Ndf1 Nxf4 21. Qxf4 Bg5 22. Qg4 f5 23. exf5 exf5 24. Qh3 Rae8 25. Rxe8 Rxe8 26. Rxe8+ Qxe8 27. Nxf5 Qe1 28. g4 Bxf5 29. gxf5 Qb1 30. f6 Bxf6 31. Qe6+ Kh7 32. Qh3 Qd3 33. Kg1 Qg6+ 34. Kh1 Qf7 35. a3 Bg5 36. Qg2 b5 37. Qc2+ g6 38. Kg2 h5 39. h3 Qf4 40. Qe2 Qf7 41. Qe5 Bf4 42. Qe2 a5 43. Qe1 Bd6 44. Nd2 b4 45. axb4 axb4 46. Nf1 b3 47. Qe2 Kh6 48. Qe3+ Bf4 49. Qe2 Qf5 50. Qe8 Qf6 51. Qg8 Bc1 52. h4 Bxb2 53. Qxd5 Bxc3 54. Qxc4 b2 55. Qb3 Bxd4 56. Qc2 Qxh4 57. Qb1 Qf2+ 58. Kh3 Qxf3+ 59. Kh2 Qf4+ 60. Kg2 Qg4+ 61. Kh2 h4 62. Nd2 Qg3+ 63. Kh1 Qh3# 0-1

[Event "Fagernes Chess Open 2024"]
[Site "Fagernes"]
[Date "2024.03.30"]
[Round "8.10"]
[White "Skogholt, Steinar Dieseth"]
[Black "Agustsson, Hafsteinn"]
[Result "1/2-1/2"]
[ECO "E01"]
[WhiteElo "1611"]
[BlackElo "1825"]
[Annotator "NA RC COMBH"]
[PlyCount "46"]
[EventDate "2024.03.25"]
[EventType "swiss"]
[EventCountry "NOR"]
[SourceTitle "playchess.com"]
[Source "ChessBase"]
[SourceQuality "1"]
[TimeControl "40/6000+30:2400+30"]

1. d4 d5 2. Nf3 e6 3. c4 Nf6 4. g3 dxc4 5. Qc2 c5 6. dxc5 Bxc5 7. Bg2 Nc6 8. O-O O-O 9. Qxc4 Qd5 10. Qa4 b5 11. Qd1 Qxd1 12. Rxd1 Ne4 13. e3 Bb7 $11 14. Bd2 b4 15. Be1 Rfd8 16. Nbd2 Na5 17. Rac1 Rac8 18. Nxe4 Rxd1 19. Rxd1 Bxe4 20. Rc1 Bb7 21. Nd4 Bxd4 22. Rxc8+ Bxc8 23. exd4 b3 1/2-1/2